 Dungeon Crawl Stone Soup version 0.27.1-34-g3ba077fa99 (webtiles) character file.

Game seed: 1010216029268182108

92 MisterFreud the Conjurer (level 4, -4/36 HPs)
             Began as a Naga Fire Elementalist on Jan 3, 2022.
             Was a Follower of Okawaru.
             Slain by an ufetubus (5 damage)
             ... on level 4 of the Dungeon.
             The game lasted 00:03:43 (2656 turns).

MisterFreud the Conjurer (Naga Fire Elementalist)   Turns: 2656, Time: 00:03:44

Health: -4/36      AC:  2    Str: 11    XL:     4   Next: 60%
Magic:  7/7        EV:  9    Int: 16    God:    Okawaru [*.....]
Gold:   216        SH:  0    Dex: 11    Spells: 7/8 levels left

rFire    . . .     SeeInvis +   c - +0 dagger
rCold    . . .     Faith    .   (no shield)
rNeg     . . .     Spirit   .   a - +0 robe
rPois    +         Reflect  .   (no helmet)
rElec    .         Harm     .   (no cloak)
rCorr    .         Rampage  .   (no gloves)
Will     .....                  (no barding)
Stlth    ++........             (no amulet)
HPRegen  0.12/turn              (no ring)
MPRegen  0.10/turn              (no ring)

@: hasted, quick
A: AC +1, large, see invisible, deformed body, poison resistance, slowness 2,
spit poison 1, naga tail 1
a: Spit Poison, Renounce Religion, Heroism


You were on level 4 of the Dungeon.
You worshipped Okawaru.
Okawaru was aware of your devotion.
You visited 1 branch of the dungeon, and saw 4 of its levels.

You collected 216 gold pieces.

Inventory:

Hand Weapons
 c - a +0 dagger (weapon)
Armour
 a - a +0 robe (worn)
Jewellery
 b - a ring of magical power
Scrolls
 e - a scroll of holy word {unknown}
 g - a scroll of fog {unknown}
 h - a scroll of fear {unknown}
 i - 3 scrolls of noise {unknown}
 j - a scroll of teleportation {unknown}
 k - a scroll of identify {unknown}
 l - a scroll of vulnerability {unknown}
 m - 2 scrolls of immolation {unknown}
Potions
 f - a potion of flight {unknown}


   Skills:
 - Level 1.5 Dodging
 - Level 3.0 Stealth
 + Level 2.5 Spellcasting
 + Level 3.4 Conjurations
 + Level 3.4 Fire Magic


You had 7 spell levels left.
You knew the following spells:

 Your Spells              Type           Power      Damage    Failure   Level
a - Foxfire               Conj/Fire      52%        2x1d6     4%          1

Your spell library contained the following spells:

 Spells                   Type           Power      Damage    Failure   Level
 Conjure Flame            Conj/Fire      13%        6-21      14%         3
 Inner Flame              Hex/Fire       7%         N/A       28%         3
 Ignite Poison            Fire/Tmut/Pois 5%         N/A       36%         3
 Mephitic Cloud           Conj/Pois/Air  5%         N/A       36%         3
 Sticky Flame             Conj/Fire      13%        2d4       43%         4
 Fireball                 Conj/Fire      6%         3d5       78%         5
 Bolt of Magma            Conj/Fire/Erth 4%         4d5       91%         5


Dungeon Overview and Level Annotations

Branches:
Dungeon (4/15)
 Temple: D:4-7

Altars:
Okawaru


Innate Abilities, Weirdness & Mutations

Your serpentine skin is tough. (AC +1)
You have supernaturally acute eyesight. (SInv)
Armour fits poorly on your strangely shaped body.
Your system is resistant to poisons. (rPois)
You cover ground very slowly.
You can spit poison.
You have a snake-like lower body.


Message History

You enter a teleport trap!
The teleport trap disappears.
Your surroundings suddenly seem different.
Done exploring.
Items here: )) [[.
Things that are here:
a +0 hand axe; a +0 short sword You see here a +0 club.
There is a stone staircase leading down here.
You climb downwards.
You hear the hiss of flowing sand.
There is an entrance to an ossuary on this level.
Hurry and find it before the portal is buried!
There is a stone staircase leading up here.
Unknown command.
Found 11 gold pieces.
Found 9 gold pieces.
You now have 207 gold pieces (gained 11).
You now have 216 gold pieces (gained 9).
Found 3 gold pieces.
You hear the slow hiss of an avalanche of sand.
A hobgoblin comes into view.
Found a spear.
An ogre and an ufetubus come into view.
The ogre shouts!
Press: ? - help, Shift-Dir - straight line, f - ogre
Aim: an ogre, wielding a +0 giant club The splash of poison hits the ogre!
The ogre is poisoned.
The ogre is moderately wounded.
The ogre hits you with a +0 giant club!!
Ouch! That really hurt!
* * * LOW HITPOINT WARNING * * *
The ufetubus hits you.
* * * LOW HITPOINT WARNING * * *
The ufetubus hits you.
* * * LOW HITPOINT WARNING * * *
It was a potion of haste.
You feel yourself speed up.
You have got your breath back.
The ufetubus barely misses you. The ufetubus hits you.
* * * LOW HITPOINT WARNING * * *
The ufetubus closely misses you. The ufetubus hits you.
You die...

#.#.#
#######.#.#####.#
.....................
#######.#.#####.....#
#.#..## .....#
#.#...# .....#
#.#...## .....#
#...#..##.....#.
#..###.@#....... ...#
##g5O...... ...#
##......## ...#
##$....# #.# #...)#
..### ###


You could see an ogre (poisoned), an ufetubus and a hobgoblin.

Vanquished Creatures
  A bullfrog zombie (D:3)
  An adder (D:2)
  2 worms (D:3)
  2 dart slugs
  5 orcs (D:3)
  A ball python (D:1)
  2 bats
  4 endoplasms
  3 giant cockroaches
  6 goblins
  2 hobgoblins
  3 kobolds
  5 frilled lizards
  A rat (D:1)
38 creatures vanquished.

Vanquished Creatures (others)
  76 foxfires
  A fungus (D:1)
  5 plants (D:2)
  4 toadstools (D:1)
86 creatures vanquished.

Grand Total: 124 creatures vanquished

Notes
Turn   | Place    | Note
-------+----------+-------------------------------------------
     0 | D:1      | MisterFreud the Naga Fire Elementalist began the quest for
                  | the Orb.
     0 | D:1      | Reached XP level 1. HP: 15/15 MP: 3/3
   266 | D:1      | Reached XP level 2. HP: 22/22 MP: 3/5
   659 | D:2      | Found a faded altar of an unknown god.
   669 | D:2      | Became a worshipper of Warmaster Okawaru
   669 | D:2      | Reached * piety under Okawaru
  1234 | D:2      | Reached XP level 3. HP: 28/28 MP: 1/6
  1367 | D:3      | Reached XP level 4. HP: 29/36 MP: 3/7
  2653 | D:4      | Noticed an ogre
  2656 | D:4      | HP: 1/36 [ufetubus (1)]
  2656 | D:4      | Slain by an ufetubus

Illustrated notes

Levels and vault maps discovered:
D:1:      minmay_arrival_arboretum_small, layout_rooms, minmay_gold_behind_fungi
D:2:      layout_loops_ring, shapermc_ecumenical_altar_mp_ritualfount
D:3:      layout_basic
D:4:      layout_basic, mainiacjoe_overflow_small_starburst,
          nicolae_dithmenos_the_darkroom, cheibrodos_worm_habitat,
          minmay_temple_entry_large_hall, gup_ossuary_entry_pyramid,
          serial_shops, shop

Skill      XL: |  1  2 |
---------------+-------+-----
Conjurations   | 2 3 |  3.4
Dodging        | |  1.5
Stealth        | |  3.0
Spellcasting   | |  2.5
Fire Magic     | |  3.4

Action                   |  1- 3 |  4- 6 || total
-------------------------+-------+-------++-------
Melee: Dagger            |    16 |    14 ||    30
       Unarmed           |     3 |       ||     3
 Cast: Foxfire           |    24 |    21 ||    45
 Abil: Spit Poison       |     7 |    11 ||    18
  Use: Potion            |       |     1 ||     1
Armor: Robe              |       |     3 ||     3
Dodge: Dodged            |    14 |    10 ||    24
